 Dungeon Crawl Stone Soup version 0.31-a0-1338-gb567cfdca4 (webtiles) character file.

Game seed: 10100331802871924693

1698536 RepHenryClay the Invulnerable (level 26, 236/266 HPs)
             Began as a Minotaur Delver on Dec 21, 2023.
             Was an Initiate of Gozag.
             Escaped with the Orb
             ... and 3 runes on Dec 22, 2023!
             The game lasted 02:09:48 (68432 turns).

RepHenryClay the Invulnerable (Minotaur Delver)    Turns: 68432, Time: 02:09:48

Health: 236/266    AC: 37    Str: 26    XL:     26   Next: 91%
Magic:  22/22      EV: 34    Int:  7    God:    Gozag
Gold:   5648       SH: 13    Dex: 21    Spells: 23/25 levels left

rFire   + + .        b - +4 consecrated labrys {holy, Valiant ^Fragile Fly SInv}
rCold   + + .        a - +1 buckler {rF+}
rNeg    + . .        Y - +8 pearl dragon scales
rPois   +            u - +0 mask of the Dragon {Will+ Slay+3 SInv}
rElec   +            K - scarf {rC+ rF+}
rCorr   +            S - +2 pair of gloves {Dex+3}
SInv    +            P - +1 pair of boots of the Valley {Dex+3}
Will    ++++.        U - amulet "Padde Ymooxi" {Reflect rC+ Will+ SH+5}
Stlth   +            k - ring "Biojiw" {rElec rPois EV+5}
HPRegen 0.64/turn    m - ring of the Spinneret {Will+ rCorr Slay+2}
MPRegen 0.18/turn

%: reflection
@: gold aura, flying, studying Short Blades
A: horns 2, retaliatory headbutt, screaming 1, no potion heal 1
0: Orb of Zot
}: 3/15 runes: serpentine, barnacled, silver
a: Renounce Religion, Potion Petition, Call Merchant, Bribe Branch


You escaped.
You worshipped Gozag.
Gozag was greatly pleased with you.
You visited 11 branches of the dungeon, and saw 51 of its levels.
You also visited: Bailey and Gauntlet.

You collected 34262 gold pieces.
You spent 11265 gold pieces at shops.
You paid 17349 gold pieces to Gozag.

Inventory:

Hand Weapons
 b - the +4 consecrated labrys (weapon) {holy, Valiant ^Fragile Fly SInv}
   (You found it on level 1 of the Depths)

   Valiant:   It becomes more powerful as more dangerous foes come into view.
   SInv:      It lets you see invisible.
   Fly:       It grants you flight.
   ^Fragile:  It will be destroyed if unequipped.
Missiles
 o - 8 throwing nets
Armour
 a - a +1 buckler of fire resistance (worn)
 u - the +0 mask of the Dragon (worn) {Will+ Slay+3 SInv}
   (You bought it in a shop on level 15 of the Dungeon)

   Slay+3:    It affects your accuracy & damage with ranged weapons and melee
   (+3).
   Will+:     It increases your willpower.
   SInv:      It lets you see invisible.
 E - the +0 cloak of Mitagu {Harm rElec Str+8 Stlth-}
   (You bought it in a shop on level 5 of the Vaults)

   Str+8:     It affects your strength (+8).
   rElec:     It insulates you from electricity.
   Harm:      It increases damage dealt and taken.
   Stlth-:    It makes you less stealthy.
 G - a +2 cloak of willpower
 H - the +0 cloak of the Shining Light {rElec rC+ Regen+}
   (You bought it in a shop on level 15 of the Dungeon)

   rC+:       It protects you from cold.
   rElec:     It insulates you from electricity.
   Regen+:    It increases your rate of health regeneration.
 I - a +1 cloak of preservation
 K - a scarf of resistance (worn)
 P - the +1 pair of boots of the Valley (worn) {Dex+3}
   (You bought it in a shop on level 15 of the Dungeon)

   Dex+3:     It affects your dexterity (+3).
 S - a +2 pair of gloves of dexterity (worn)
 Y - +8 pearl dragon scales (worn)
Jewellery
 d - a ring of see invisible
 k - the ring "Biojiw" (left hand) {rElec rPois EV+5}
   (You found it in a Gauntlet)

   [ring of evasion]

   EV+5:      It affects your evasion (+5).
   rElec:     It insulates you from electricity.
   rPois:     It protects you from poison
 m - the ring of the Spinneret (right hand) {Will+ rCorr Slay+2}
   (You found it on level 5 of the Vaults)

   [ring of resist corrosion]

   Slay+2:    It affects your accuracy & damage with ranged weapons and melee
   (+2).
   Will+:     It increases your willpower.
   rCorr:     It protects you from acid and corrosion.
 q - the ring "Gyttoas" {rC+ Will+}
   (You found it on level 14 of the Dungeon)

   [ring of willpower]

   rC+:       It protects you from cold.
   Will+:     It increases your willpower.
 x - an amulet of regeneration
 D - the ring "Zupligg" {rF- rN+++ rCorr Int+6 Dex+2}
   (You acquired it in a Gauntlet)

   [ring of intelligence]

   Int+6:     It affects your intelligence (+6).
   Dex+2:     It affects your dexterity (+2).
   rF-:       It makes you vulnerable to fire.
   rN+++:     It renders you almost immune to negative energy.
   rCorr:     It protects you from acid and corrosion.
 L - the ring "Nogeviq" {rC+ rN+ Int+5}
   (You found it on level 2 of the Depths)

   [ring of protection from cold]

   Int+5:     It affects your intelligence (+5).
   rC+:       It protects you from cold.
   rN+:       It protects you from negative energy.
 O - a ring of protection from fire
 Q - the ring of Pucich {rElec Will+ MP+9 Slay+2}
   (You bought it in a shop on level 1 of the Snake Pit)

   [ring of willpower]

   Slay+2:    It affects your accuracy & damage with ranged weapons and melee
   (+2).
   rElec:     It insulates you from electricity.
   Will+:     It increases your willpower.
   MP+9:      It affects your magic capacity (+9).
 R - the ring "Pappehab" {rPois rC- rCorr Str+6 Slay+5}
   (You found it on level 2 of the Snake Pit)

   [ring of strength]

   Str+6:     It affects your strength (+6).
   Slay+5:    It affects your accuracy & damage with ranged weapons and melee
   (+5).
   rC-:       It makes you vulnerable to cold.
   rPois:     It protects you from poison rCorr: It protects you from acid and
   corrosion.
 U - the amulet "Padde Ymooxi" (around neck) {Reflect rC+ Will+ SH+5}
   (You found it on level 12 of the Dungeon)

   [amulet of reflection]

   Reflect:   It reflects blocked missile attacks.
   rC+:       It protects you from cold.
   Will+:     It increases your willpower.
   SH+5:      It affects your SH (+5).
Wands
 g - a wand of digging (28)
 h - a wand of iceblast (39)
 s - a wand of mindburst (18)
 B - a wand of paralysis (37)
 T - a wand of light (15)
Scrolls
 c - 7 scrolls of fog
 e - 6 scrolls of fear
 j - 26 scrolls of teleportation
 v - 4 scrolls of brand weapon
 w - 13 scrolls of enchant weapon
 y - 2 scrolls of blinking
 A - 7 scrolls of revelation
 F - 7 scrolls of torment
 V - 9 scrolls of summoning
Potions
 f - 7 potions of haste
 l - 9 potions of invisibility
 n - 23 potions of curing
 p - 11 potions of lignification
 r - 5 potions of heal wounds
 t - 2 potions of ambrosia
 z - 13 potions of enlightenment
 J - 5 potions of resistance
 M - 9 potions of attraction
 N - 2 potions of cancellation
 W - 4 potions of might
 Z - 9 potions of mutation
Miscellaneous
 i - a box of beasts
 C - a phial of floods
 X - a lightning rod (4/4)


   Skills:
 O Level 27 Fighting
 - Level 20.0 Axes
 O Level 27 Armour
 O Level 27 Dodging
 - Level 4.1 Stealth
 - Level 7.0 Shields
 - Level 10.0 Translocations
 + Level 20.3 Evocations


You had 23 spell levels left.
You knew the following spells:

 Your Spells              Type           Power      Damage    Failure   Level
Q - Blink                 Tloc           28%        N/A       1%          2

Your spell library contained the following spells:

 Spells                   Type           Power      Damage    Failure   Level
 Apportation              Tloc           28%        N/A       1%          1
 Gell's Gravitas          Tloc           14%        N/A       4%          3
 Teleport Other           Tloc           14%        N/A       4%          3
 Manifold Assault         Tloc           14%        N/A       13%         4
 Passage of Golubria      Tloc           14%        N/A       13%         4
 Momentum Strike          Conj/Tloc      14%        3d8       16%         2
 Foxfire                  Conj/Fire      0%         2x1d4     63%         1
 Kiss of Death            Conj/Necr      0%         2d5       63%         1
 Magic Dart               Conj           0%         1d3       63%         1
 Necrotise                Necr           0%         1d4       63%         1
 Slow                     Hex            0%         N/A       63%         1
 Sting                    Conj/Alch      0%         1d3       63%         1
 Summon Small Mammal      Summ           0%         N/A       63%         1
 Dimensional Bullseye     Hex/Tloc       3%         N/A       71%         4
 Iskenderun's Mystic Bla  Conj/Tloc      7%         2d4       71%         4
 Vhi's Electric Charge    Tloc/Air       14%        N/A       71%         4
 Call Imp                 Summ           0%         N/A       77%         2
 Ensorcelled Hibernation  Hex/Ice        0%         N/A       77%         2
 Jinxbite                 Hex            0%         N/A       77%         2
 Mercury Vapours          Alch/Air       0%         N/A       77%         2
 Passwall                 Alch/Erth      0%         N/A       77%         2
 Scorch                   Fire           0%         2d5       77%         2
 Searing Ray              Conj           0%         2d4       77%         2
 Sublimation of Blood     Necr           0%         N/A       77%         2
 Dispersal                Tloc           7%         N/A       90%         6
 Call Canine Familiar     Summ           0%         N/A       94%         3
 Confusing Touch          Hex            0%         N/A       94%         3
 Frozen Ramparts          Ice            0%         1d1       94%         3
 Fugue of the Fallen      Necr           0%         N/A       94%         3
 Hailstorm                Conj/Ice       0%         3d5       94%         3
 Inner Flame              Hex/Fire       0%         N/A       94%         3
 Mephitic Cloud           Conj/Alch/Air  0%         N/A       94%         3
 Ozocubu's Armour         Ice            0%         N/A       94%         3
 Sigil of Binding         Hex            0%         N/A       94%         3
 Summon Guardian Golem    Hex/Summ       0%         N/A       94%         3
 Swiftness                Air            0%         N/A       94%         3
 Tukima's Dance           Hex            0%         N/A       94%         3
 Vampiric Draining        Necr           0%         2d6       94%         3
 Summon Forest            Summ/Tloc      3%         N/A       96%         5
 Anguish                  Hex/Necr       0%         N/A       100%        4
 Animate Armour           Summ/Erth      0%         N/A       100%        4
 Cause Fear               Hex            0%         N/A       100%        4
 Dispel Undead            Necr           0%         3d6       100%        4
 Flame Wave               Conj/Fire      0%         2d4       100%        4
 Fulminant Prism          Conj/Alch      0%         3d5       100%        4
 Leda's Liquefaction      Alch/Erth      0%         N/A       100%        4
 Olgreb's Toxic Radiance  Alch           0%         N/A       100%        4
 Petrify                  Alch/Erth      0%         N/A       100%        4
 Summon Ice Beast         Ice/Summ       0%         N/A       100%        4
 Agony                    Necr           0%         N/A       100%        5
 Alistair's Intoxication  Alch           0%         N/A       100%        5
 Arcjolt                  Conj/Air       0%         1d10      100%        5
 Borgnjor's Vile Clutch   Necr/Erth      0%         N/A       100%        5
 Freezing Cloud           Conj/Ice/Air   0%         6-21      100%        5
 Irradiate                Conj/Alch      0%         3d11      100%        5
 Metabolic Englaciation   Hex/Ice        0%         N/A       100%        5
 Summon Mana Viper        Hex/Summ       0%         N/A       100%        5
 Yara's Violent Unravell  Hex/Alch       0%         3d3       100%        5
 Death Channel            Necr           0%         N/A       100%        6
 Eringya's Noxious Bog    Alch           0%         4d6       100%        6
 Plasma Beam              Fire/Air       0%         2x1d10    100%        6
 Starburst                Conj/Fire      0%         6d3       100%        6
 Summon Cactus Giant      Summ           0%         N/A       100%        6
 Enfeeble                 Hex            0%         N/A       100%        7
 Haunt                    Necr/Summ      0%         N/A       100%        7
 Ozocubu's Refrigeration  Ice            0%         4d7       100%        7
 Spellforged Servitor     Conj/Summ      0%         N/A       100%        7
 Summon Hydra             Summ           0%         N/A       100%        7
 Discord                  Hex            0%         N/A       100%        8
 Disjunction              Tloc           7%         N/A       100%        8
 Ignition                 Fire           0%         3d3       100%        8
 Infestation              Necr           0%         N/A       100%        8
 Animate Dead             Necr           Unusable   N/A       N/A         4
 Simulacrum               Ice/Necr       Unusable   N/A       N/A         6

Dungeon Overview and Level Annotations

Branches:
Dungeon (15/15)            Temple (1/1) D:4            Lair (5/5) D:11
 Shoals (4/4) Lair:3        Snake (4/4) Lair:3        Slime (0/5) Lair:5
    Orc (2/2) D:10            Elf (3/3) Orc:2        Vaults (5/5) D:14
  Crypt (3/3) Vaults:2       Tomb (0/3) Crypt:3      Depths (4/4) D:15
    Zot (5/5) Depths:4     Bailey (visited)         Gauntlet (visited)

Altars:
Ashenzari
Cheibriados
Dithmenos
Elyvilon
Fedhas
Gozag
Hepliaklqana
Kikubaaqudgha
Makhleb
Nemelex Xobeh
Okawaru
Qazlal
Ru
Sif Muna
Trog
Uskayaw
Vehumet
Wu Jian
Xom
Yredelemnul
Zin
The Shining One
Jiyva
Lugonu

Shops:
D:15 [[??[*[[[[[?   Orc:1 *   Orc:2 ([:[   Elf:2 *   Elf:3 *   Snake:1 =*
Vaults:3 (   Vaults:4 !?=   Vaults:5 [!   Depths:3 *

Portals:
Hell: Depths:1 Depths:2 Depths:3 Depths:4
Abyss: Shoals:2 Depths:1 Depths:2 Depths:3 Depths:4
Ziggurat: Depths:3

Annotations:
Lair:2 exclusion: oklob plant
Shoals:2 1 runed translucent door


Innate Abilities, Weirdness & Mutations

You have a pair of horns on your head.
You reflexively headbutt those who attack you in melee.
You occasionally shout uncontrollably at your foes.
Potions are less effective at restoring your health.


Message History

What level of the Dungeon? (default 1, ? - help)
Things that are here:
a +0 flail; a +0 ring mail; a +0 mace
Things that are here:
a +0 robe; a +0 dagger
There is a stone staircase leading up here.
You fly upwards.
There is a stone staircase leading down here.
There is a stone staircase leading up here.
You fly upwards.
There is a stone staircase leading down here.
There is a stone staircase leading up here.
You fly upwards.
There is a stone staircase leading down here.
Aiming: Dig
Press: ? - help, Shift-Dir - straight line, f - you Please select a direction to dig.
This square is covered in magical glow.
The rock shatters into small pieces.
A hell beast comes into view.
The hell beast completely misses you. The hell beast misses you.
You barely miss the hell beast.
The hell beast bites you but does no damage.
You block the hell beast's attack.
You miss the hell beast. You headbutt the hell beast.
The hell beast is lightly wounded.
You block the hell beast's attack. x2
You slash the hell beast!
The hell beast convulses.
The hell beast is moderately wounded.
The hell beast completely misses you. You block the hell beast's attack.
You slash the hell beast!
The hell beast convulses!!
Your headbutt misses the hell beast.
The hell beast is severely wounded.
The hell beast closely misses you. The hell beast completely misses you.
You slice the hell beast!!
The hell beast convulses!
You kill the hell beast!
You now have 5648 gold pieces (gained 13).
There is a staircase leading out of the dungeon here.
You can't go down here!
You have escaped!

##.#####.###.####...##..
#..####...##...####...##
#.##.......###.# ###..#
#.#.........##.# ##.#
#(#.....##..##.# #..
#.#....####..#.# ###
#..#...## #..#.# #..
#.###...# #..#.#### #.#
#.# #.@.###..#...†####.#
#.# #....##(.#....'..#.#
#.# ##......###...##.#.#
#.# ##.....# #...##.#.#
#.# ##....# ######...#
#.# ##(..## ##### #.#
##..#.# #.# #...#.# #
#.# #.##..# #


There were no monsters in sight!

Vanquished Creatures
  6 dread liches
  3 ancient liches
  6 orbs of fire
  2 juggernauts
  Sojobo (Vaults:4)
  6 Killer Klowns (Zot:5)
  6 caustic shrikes
  Vashnia (Snake:2)
  10 golden dragons
  Jory (Crypt:1)
  the Enchantress (Depths:2)
  A profane servitor (D:11)
  3 bone dragons
  The ghost of bmb222 the Tortoise, an adept DsDe of Uskayaw (Depths:2)
  A shard shrike zombie (Crypt:3)
  3 electric golems
  13 tentacled monstrosities
  An Ice Fiend (D:11)
  26 Orb Guardians
  4 liches
  A walking crystal tome (Depths:3)
  A deep elf master archer (Elf:3)
  Asterion (Snake:2)
  4 titans
  A walking divine tome (Depths:4)
  2 krakens (Shoals:3)
  7 sphinxes
  4 quicksilver dragons
  4 acid blobs
  2 ancient champions
  4 tentacled starspawn (Zot:2)
  10 death cobs
  An eldritch tentacle (Zot:5)
  2 deep elf blademasters
  12 shadow dragons
  Kirke (D:12)
  Agnes (D:14)
  7 revenants
  2 protean progenitors (Zot:5)
  12 storm dragons
  5 tengu reavers
  7 rockslimes
  Aizul (Snake:1)
  7 nagarajas
  Donald (Crypt:1)
  4 azure jellies
  The ghost of Detyups the Grappler, an adept VSFi of Ashenzari (Shoals:3)
  2 draconian monks (Zot:3)
  4 draconian knights
  8 fire giants
  9 frost giants
  5 deep elf sorcerers
  An iron dragon (Vaults:5)
  13 vault wardens
  A caustic shrike zombie (Crypt:1)
  A ghost moth (Zot:1)
  4 draconian shifters
  9 ghouls
  6 draconian scorchers
  3 deep elf elementalists (Elf:3)
  A balrug (Depths:1)
  2 orc warlords
  3 draconian stormcallers
  3 curse skulls
  A reaper (Depths:2)
  An angel (Zot:5)
  11 ironbound preservers
  9 spriggan defenders
  3 draconian annihilators
  7 quicksilver oozes
  22 very ugly things
  A caustic shrike skeleton (Crypt:3)
  6 ironbound thunderhulks
  The ghost of Kog Saon the Severer, a journeyman HOMo of Beogh (Vaults:3)
  10 stone giants
  7 war gargoyles
  8 deep elf death magi
  4 black draconians
  7 deep elf demonologists
  9 green draconians
  A minotaur (Gauntlet)
  11 dire elephants
  10 deep elf annihilators
  4 lorocyprocas (Zot:2)
  13 red draconians
  13 spark wasps
  13 vampire knights
  6 purple draconians
  4 yellow draconians
  13 white draconians
  18 ettins
  2 blizzard demons
  4 eidola (Crypt:2)
  4 jiangshi
  9 merfolk impalers
  8 merfolk javelineers
  6 crystal guardians
  An entropy weaver (shapeshifter) (Vaults:5)
  A quicksilver dragon zombie (Crypt:1)
  6 deep elf high priests
  15 yaktaur captains
  2 entropy weavers (Vaults:2)
  2 hell beasts
  5 great orbs of eyes
  8 fire dragons
  30 vault guards
  4 spriggan zombies (Depths:1)
  A peacekeeper (Vaults:3)
  9 hydras
  9 ironbound frosthearts
  8 ogre magi
  A radroach (shapeshifter) (D:12)
  2 salamander tyrants
  2 ice dragons (Depths:4)
  5 rakshasas
  12 centaur warriors
  4 death knights
  17 two-headed ogres
  3 spriggan air magi
  12 anacondas
  3 merfolk avatars
  4 catoblepae
  5 merfolk aquamancers
  5 boulder beetles
  3 alligator snapping turtles
  24 dancing weapons
  6 orc high priests (Orc:2)
  6 deep troll earth magi
  8 deep troll shamans
  13 naga warriors
  5 tengu warriors
  8 vampire magi
  2 titan zombies
  17 death yaks
  A thrashing horror (Shoals:2)
  The ghost of timneilson the Insei, a novice OpSh (D:7)
  Urug (D:14)
  2 soul eaters (Crypt:2)
  7 spriggan berserkers
  19 naga sharpshooters
  An occultist (D:15)
  5 shock serpents
  24 hell knights
  21 deep elf knights
  The ghost of TransRights the Covered, a novice MiBe of Trog (D:8)
  A spectral spark wasp (Depths:1)
  7 skysharks
  3 spark wasp zombies (Depths:1)
  A titan skeleton (Crypt:2)
  5 iron trolls
  9 salamander mystics
  A deep troll (shapeshifter) (Zot:2)
  13 sea snakes
  A sixfirhy (Gauntlet)
  A glowing orange brain (Vaults:2)
  17 skeletal warriors
  A golden dragon zombie (Crypt:3)
  A quicksilver dragon simulacrum (Crypt:2)
  9 flayed ghosts
  9 naga ritualists
  2 obsidian statues
  2 large abominations (Shoals:2)
  A glowing orange brain (shapeshifter) (Zot:2)
  2 bog bodies (Crypt:1)
  22 harpies
  33 deep trolls
  6 deep elf archers
  6 arcanists
  13 phantasmal warriors
  13 lindwurms
  15 ironbound convokers
  34 deep elf pyromancers
  A mana viper (shapeshifter) (Depths:3)
  A steelbarb worm (shapeshifter) (Vaults:5)
  24 deep elf zephyrmancers
  An iron dragon zombie (Crypt:3)
  7 orc knights
  7 mana vipers
  An orc sorcerer (D:15)
  A faun (shapeshifter) (Zot:2)
  15 necromancers
  A shining eye (shapeshifter) (Zot:2)
  19 moths of wrath
  2 worldbinders
  28 ugly things
  A wolf spider (D:15)
  18 manticores
  31 elephants
  A shining eye (Shoals:2)
  3 apocalypse crabs
  A draconian skeleton (Crypt:1)
  13 cyclopes
  4 fauns
  A will-o-the-wisp (Zot:2)
  3 centaur zombies
  2 kobold blastminers (Orc:1)
  8 merfolk sirens
  12 naga magi
  A dire elephant zombie (Crypt:3)
  19 salamanders
  8 guardian serpents
  19 cane toads
  21 vault sentinels
  An eye of devastation (shapeshifter) (Vaults:2)
  44 black mambas
  2 centaur skeletons
  18 water nymphs
  A green draconian zombie (Crypt:1)
  A water nymph (shapeshifter) (Depths:4)
  Maggie (D:9)
  A storm dragon simulacrum (Crypt:2)
  A torpor snail (Lair:4)
  A cane toad (shapeshifter) (Elf:1)
  29 yaktaurs
  A hellion (Zot:5)
  2 efreet
  A komodo dragon (shapeshifter) (Vaults:5)
  A rime drake (shapeshifter) (D:14)
  10 komodo dragons
  2 tengu conjurers
  Psyche (D:9)
  An alligator snapping turtle skeleton (Crypt:2)
  4 rime drakes
  9 freezing wraiths
  A purple draconian skeleton (Crypt:1)
  A polar bear (shapeshifter) (D:13)
  3 meliai (D:13)
  4 trolls
  A polar bear (Lair:1)
  2 merfolk (shapeshifter)
  7 wind drakes
  A glass eye (Depths:4)
  21 merfolk
  2 harpy zombies (Crypt:3)
  2 tarantellas (shapeshifter)
  4 hornets
  A harpy skeleton (Crypt:3)
  9 snapping turtles
  11 blink frogs
  15 dream sheep
  A fire dragon zombie (Crypt:3)
  An ettin skeleton (Crypt:3)
  35 flying skulls
  6 shadows
  Sigmund (D:2)
  2 centaur simulacra
  8 air elementals
  A fire dragon skeleton (Crypt:3)
  5 wraiths
  27 slime creatures
  7 spriggans
  43 yaks
  3 wyverns
  A yak (shapeshifter) (Elf:2)
  The ghost of Midpoint the Sneak, an amateur NaHs (D:4)
  A vampire (D:10)
  A wyvern (shapeshifter) (Elf:2)
  21 fire elementals
  2 hogs (D:12)
  16 humans (D:14)
  21 water elementals
  A wind drake zombie (Shoals:2)
  4 fire bats (Elf:3)
  A neqoxec (Shoals:2)
  10 wargs
  3 redbacks (Vaults:2)
  3 vampire mosquitoes (D:13)
  A chaos spawn (Shoals:2)
  48 nagas
  A water nymph zombie (Crypt:2)
  7 swamp worms
  A naga zombie (Crypt:1)
  An acid dragon (D:9)
  18 water moccasins
  2 sky beasts (D:7)
  An ice beast (Vaults:3)
  A meliai simulacrum (D:15)
  20 orc warriors
  4 black bears
  7 boggarts
  16 ogres
  15 wolves
  9 centaurs
  3 phantoms
  A komodo dragon zombie (Crypt:1)
  11 kobold brigands
  5 necrophages
  3 gnoll sergeants
  13 bullfrogs
  A komodo dragon skeleton (Crypt:1)
  5 scorpions
  A warg skeleton (Crypt:2)
  10 wights
  A water moccasin skeleton (Crypt:2)
  12 killer bees
  A troll skeleton (Crypt:1)
  7 howler monkeys
  3 electric eels (Lair:5)
  A lava snake (Elf:3)
  3 hounds
  9 jellies
  20 orc priests
  A gnoll bouda (D:4)
  2 sleepcaps
  A basilisk skeleton (Crypt:2)
  Jessica (D:2)
  2 iguanas
  18 orc wizards
  An acid dragon zombie (Crypt:2)
  A tengu skeleton (Crypt:2)
  19 gnolls
  6 adders
  2 shadow imps (D:7)
  3 white imps
  A bombardier beetle (D:3)
  4 ufetubi (Gauntlet)
  A worm (D:3)
  6 dart slugs
  65 orcs
  8 ball pythons
  4 bats
  A bat skeleton (Crypt:2)
  9 endoplasms
  11 goblins
  3 hobgoblins
  2 jackals (D:5)
  A quokka (D:1)
  A ball python skeleton (Crypt:1)
  A dart slug zombie (Crypt:1)
  3 frilled lizards
  A jackal zombie (Crypt:2)
  25 kobolds
  4 rats
  2 butterflies (Zot:2)
  A spectral weapon (Snake:2)
  2 starspawn tentacles (Zot:2)
  7 tentacles (Shoals:3)
2300 creatures vanquished.

Vanquished Creatures (others)
  A deep elf blademaster (Elf:3)
  A draconian knight (Zot:2)
  A red draconian (Zot:1)
  A merfolk impaler (Shoals:4)
  An occultist (Depths:3)
  2 deep elf zephyrmancers
  3 humans (D:12)
  2 foxfires (Zot:2)
  12 spectral weapons
  A starspawn tentacle (Zot:2)
  12 tentacles (Shoals:3)
37 creatures vanquished.

Grand Total: 2337 creatures vanquished

Notes
Turn   | Place    | Note
-------+----------+-------------------------------------------
     0 | D:5      | RepHenryClay the Minotaur Delver began the quest for the
                  | Orb.
     0 | D:5      | Reached XP level 1. HP: 19/19 MP: 0/0
   115 | D:5      | Noticed an iguana
   137 | D:4      | Noticed an orc wizard
   137 | D:4      | Noticed an orc priest
   430 | D:1      | Reached skill level 1 in Armour
   572 | D:1      | Reached XP level 2. HP: 26/26 MP: 1/1
  1131 | D:2      | Noticed Sigmund
  1160 | D:2      | Reached XP level 3. HP: 30/31 MP: 2/2
  1268 | D:2      | Noticed a scorpion
  1278 | D:2      | Killed a scorpion
  1279 | D:2      | Reached XP level 4. HP: 23/39 MP: 3/3
  1562 | D:2      | Noticed Jessica
  1570 | D:2      | Killed Jessica
  1571 | D:2      | Reached skill level 5 in Axes
  1856 | D:3      | Reached XP level 5. HP: 45/45 MP: 4/4
  2277 | D:3      | Found a burning altar of Makhleb.
  2277 | D:3      | Noticed an Executioner
  2550 | D:4      | Found a runed translucent gate.
  2550 | D:4      | Found a runed translucent gate.
  2550 | D:4      | Found a runed translucent gate.
  2550 | D:4      | Noticed Midpoint's ghost (amateur NaHs)
  2914 | D:4      | Found a staircase to the Ecumenical Temple.
  2924 | Temple   | Entered the Ecumenical Temple
  2942 | Temple   | Became a worshipper of Gozag Ym Sagoz the Greedy
  2978 | Temple   | Reached XP level 6. HP: 51/51 MP: 5/5
  3487 | D:5      | Found a basalt altar of Yredelemnul.
  3669 | D:5      | Reached skill level 5 in Armour
  3669 | D:5      | Reached XP level 7. HP: 57/57 MP: 6/6
  3926 | D:5      | Noticed a +0 dagger
  3926 | D:5      | Noticed a +0 hand axe
  3930 | D:5      | Found a hide-covered altar of Uskayaw.
  4018 | D:5      | Found a broken altar of Ashenzari.
  4528 | D:6      | Reached XP level 8. HP: 44/64 MP: 7/7
  4742 | D:6      | Reached skill level 10 in Axes
  5149 | D:6      | Reached XP level 9. HP: 70/70 MP: 8/8
  5514 | D:7      | Found a flagged portal.
  5545 | Bailey   | Entered a bailey
  5615 | Bailey   | Noticed an orc knight
  5628 | Bailey   | Killed an orc knight
  5657 | Bailey   | Found a burning altar of Makhleb.
  5767 | D:7      | Found a transporter.
  5769 | D:7      | Found a transporter.
  5769 | D:7      | Noticed timneilson's ghost (novice OpSh)
  5769 | D:7      | Noticed a cyclops
  6106 | D:7      | Reached skill level 10 in Armour
  6106 | D:7      | Reached XP level 10. HP: 74/77 MP: 9/9
  6230 | D:7      | Found a shimmering altar of Xom.
  6296 | D:8      | Found a runed translucent door.
  6618 | D:8      | Noticed a two-headed ogre
  6625 | D:8      | Killed a two-headed ogre
  7192 | D:8      | Noticed TransRights's ghost (novice MiBe)
  7196 | D:8      | Identified the +1 spear of Dried Tears {venom, *Noise Fly
                  | rC+ rN+}
  7664 | D:9      | Noticed Psyche
  7672 | D:9      | Killed Psyche
  7708 | D:9      | Noticed Maggie
  7716 | D:9      | Killed Maggie
  7772 | D:9      | Reached skill level 5 in Fighting
  8461 | D:10     | Entered Level 10 of the Dungeon
  8465 | D:10     | Reached skill level 15 in Axes
  8549 | D:10     | Reached XP level 11. HP: 70/88 MP: 10/10
  8607 | D:10     | Found a staircase to the Orcish Mines.
  8617 | D:10     | Reached skill level 5 in Dodging
  8900 | D:10     | Found a snail-covered altar of Cheibriados.
  9039 | D:10     | Noticed a two-headed ogre
  9044 | D:10     | Killed a two-headed ogre
  9303 | D:11     | Noticed a purple ugly thing
  9307 | D:11     | Killed a purple ugly thing
  9351 | D:11     | Noticed a two-headed ogre
  9356 | D:11     | Killed a two-headed ogre
  9557 | D:11     | Noticed a two-headed ogre
  9563 | D:11     | Killed a two-headed ogre
  9569 | D:11     | Found a staircase to the Lair.
 10002 | Lair:1   | Entered Level 1 of the Lair of Beasts
 10307 | Lair:1   | Reached XP level 12. HP: 104/104 MP: 11/11
 11436 | Lair:2   | Reached skill level 10 in Fighting
 11545 | Lair:2   | Noticed a seven-headed hydra
 11558 | Lair:2   | Killed a seven-headed hydra
 12026 | Lair:3   | Found a staircase to the Snake Pit.
 12113 | Lair:3   | Found a staircase to the Shoals.
 12275 | Lair:3   | Noticed a catoblepas
 12285 | Lair:3   | Killed a catoblepas
 12286 | Lair:3   | Reached skill level 10 in Dodging
 12323 | Lair:3   | Reached XP level 13. HP: 116/116 MP: 12/12
 12432 | Lair:3   | Reached skill level 15 in Armour
 12503 | Lair:3   | Identified 2 scrolls of acquirement
 12517 | Lair:3   | Acquired a +2 executioner's axe of venom
 12518 | Lair:3   | Acquired a +0 executioner's axe of flaming
 12927 | Lair:4   | Identified the +1 leather armour of Feral Life {rC++ Dex+3}
 13161 | Lair:4   | Got Xomuuq's Secrets of Leadership
 13774 | Lair:5   | Entered Level 5 of the Lair of Beasts
 13788 | Lair:5   | Reached XP level 14. HP: 61/129 MP: 13/13
 13958 | Lair:5   | Found a staircase to the Slime Pits.
 13959 | Lair:5   | Found a viscous altar of Jiyva.
 15624 | D:2      | Killed Sigmund
 15898 | D:4      | Killed Midpoint's ghost
 15905 | D:4      | Identified the +2 helmet of Imperfection {rF- Int+3 Stlth+}
 16010 | D:7      | Killed timneilson's ghost
 16093 | D:8      | Killed TransRights's ghost
 16129 | D:8      | Identified the +10 quarterstaff "Feesilei" {heavy, rCorr
                  | Dex+3}
 16206 | Orc:1    | Entered Level 1 of the Orcish Mines
 16229 | Orc:1    | Found Ichyakut's Assorted Antiques.
 16384 | Orc:1    | Paralysed by something for 4 turns
 16536 | Orc:2    | Entered Level 2 of the Orcish Mines
 16602 | Orc:2    | Found Nogris's Book Shoppe.
 16765 | Orc:2    | Reached XP level 15. HP: 139/139 MP: 14/14
 16781 | Orc:2    | Found Zaopnit's Armour Emporium.
 16842 | Orc:2    | Found a staircase to the Elven Halls.
 16915 | Orc:2    | Found Ohoiw's Armour Shoppe.
 16929 | Orc:2    | Found Kohuidug's Antique Weapon Emporium.
 16952 | Orc:2    | Reached skill level 15 in Fighting
 17626 | Orc:2    | Bought a +2 pair of gloves of infusion for 344 gold pieces
 17626 | Orc:2    | Bought a +2 hat for 256 gold pieces
 17793 | D:12     | Noticed Kirke
 17809 | D:12     | Killed Kirke
 17940 | D:12     | Noticed a frost giant
 17951 | D:12     | Killed a frost giant
 18398 | D:12     | Identified the amulet "Padde Ymooxi" {Reflect rC+ Will+
                  | SH+5}
 19933 | D:14     | Noticed Agnes
 19939 | D:14     | Killed Agnes
 19980 | D:14     | Found a gate leading to a gauntlet.
 19990 | Gauntlet | Entered a Gauntlet
 19990 | Gauntlet | Found a transporter.
 19990 | Gauntlet | Found a transporter.
 20042 | Gauntlet | Found a transporter.
 20046 | Gauntlet | Found a transporter.
 20058 | Gauntlet | Found a transporter.
 20060 | Gauntlet | Found a transporter.
 20070 | Gauntlet | Found a transporter.
 20091 | Gauntlet | Found a transporter.
 20108 | Gauntlet | Found a transporter.
 20112 | Gauntlet | Found a transporter.
 20122 | Gauntlet | Found a transporter.
 20126 | Gauntlet | Found a transporter.
 20273 | Gauntlet | Identified the +0 hat of the Curupira {Slay+2}
 20323 | Gauntlet | Acquired the ring "Zupligg" {rF- rN+++ rCorr Int+6 Dex+2}
 20352 | Gauntlet | Identified the +2 flail "Nuwnaish" {freeze, *Corrode rElec
                  | Str+3 Int+3}
 20353 | Gauntlet | Identified the ring "Biojiw" {rElec rPois EV+5}
 20389 | Gauntlet | Identified the +3 shortbow "Resinn" {flame, rN+ Will+
                  | Int-3}
 20390 | Gauntlet | Got Wumm's Anthology of Necromancy
 20591 | D:14     | Reached XP level 16. HP: 112/144 MP: 11/15
 20744 | D:14     | Noticed Urug
 20746 | D:14     | Found a gate to the Vaults.
 20757 | D:14     | Killed Urug
 20922 | D:14     | Found a transporter.
 21012 | D:14     | Found a transporter.
 21358 | D:14     | Identified the ring "Gyttoas" {rC+ Will+}
 21363 | D:14     | Identified the +2 pair of boots of Alusch {Harm Str+2}
 21477 | D:15     | Entered Level 15 of the Dungeon
 21873 | D:15     | Found a staircase to the Depths.
 21972 | D:15     | Reached skill level 15 in Dodging
 22876 | Shoals:1 | Entered Level 1 of the Shoals
 24803 | Shoals:2 | Found a runed translucent door.
 24832 | Shoals:2 | Found a corrupted altar of Lugonu.
 24832 | Shoals:2 | Found a one-way gate to the infinite horrors of the Abyss.
 25270 | Shoals:3 | Reached XP level 17. HP: 161/161 MP: 13/16
 25349 | Shoals:3 | Noticed a kraken
 25362 | Shoals:3 | Killed a kraken
 25647 | Shoals:3 | Found a transporter.
 25894 | Shoals:3 | Noticed Detyups's ghost (adept VSFi)
 25924 | Shoals:3 | Acquired 786 gold pieces
 26019 | Shoals:3 | Found a transporter.
 26252 | Shoals:3 | Noticed a kraken
 26261 | Shoals:3 | Killed a kraken
 26650 | Shoals:3 | Killed Detyups's ghost
 26933 | Shoals:3 | Identified the -2 pair of boots of Noqaf {Harm Int+4 Dex+3
                  | Slay-6}
 26938 | Shoals:3 | Identified the +4 orcbow of Precise Incision {antimagic,
                  | Int+2}
 27017 | Shoals:4 | Entered Level 4 of the Shoals
 27128 | Shoals:4 | Paralysed by an air elemental for 1 turns
 27133 | Shoals:4 | Paralysed by an air elemental for 1 turns
 27144 | Shoals:4 | Paralysed by an air elemental for 1 turns
 27603 | Shoals:4 | Identified the +0 leather armour "Nafupi" {rF- MP+9 Dex+6}
 27642 | Shoals:4 | Found a shimmering altar of Xom.
 27758 | Shoals:4 | Paralysed by an air elemental for 1 turns
 28228 | Shoals:4 | Noticed a titan
 28239 | Shoals:4 | Killed a titan
 28543 | Shoals:4 | Got a barnacled rune of Zot
 29078 | Shoals:4 | Paralysed by an air elemental for 1 turns
 29438 | Shoals:4 | Paralysed by an air elemental for 1 turns
 29573 | Snake:1  | Entered Level 1 of the Snake Pit
 29581 | Snake:1  | Reached XP level 18. HP: 133/173 MP: 0/17
 29934 | Snake:1  | Found Maip's General Store.
 29994 | Snake:1  | Found Qiaczoo's Jewellery Shoppe.
 30007 | Snake:1  | Bought the ring of Pucich {rElec Will+ MP+9 Slay+2} for 795
                  | gold pieces
 30982 | Snake:2  | Identified the serpent talisman of the Wheelwright {Will+
                  | Dex+2}
 30982 | Snake:2  | Noticed Aizul
 30993 | Snake:1  | Killed Aizul
 31068 | Snake:2  | Noticed Vashnia
 31097 | Snake:2  | Killed Vashnia
 31682 | Snake:2  | Identified the ring "Pappehab" {rPois rC- rCorr Str+6
                  | Slay+5}
 31745 | Snake:2  | Noticed Asterion
 32037 | Snake:2  | Killed Asterion
 33329 | Snake:4  | Entered Level 4 of the Snake Pit
 33436 | Snake:4  | Identified the +11 battleaxe of Zofeusme {vamp, Int+5
                  | Dex+3}
 34138 | Snake:4  | Reached XP level 19. HP: 181/184 MP: 18/18
 34579 | Snake:4  | Got a serpentine rune of Zot
 34814 | Vaults:1 | Entered Level 1 of the Vaults
 34950 | Vaults:1 | Reached skill level 27 in Armour
 37761 | Vaults:2 | Found a staircase to the Crypt.
 37761 | Vaults:2 | Found a basalt altar of Yredelemnul.
 37762 | Vaults:2 | Found an ancient bone altar of Kikubaaqudgha.
 38361 | Vaults:3 | Reached XP level 20. HP: 195/195 MP: 1/19
 38920 | Vaults:3 | Found a transporter.
 38963 | Vaults:3 | Found a transporter.
 39324 | Vaults:3 | Found Jattol's Weapon Shop.
 39398 | Vaults:3 | Found a runed translucent door.
 39398 | Vaults:3 | Noticed Kog Saon's ghost (journeyman HOMo)
 39644 | Vaults:3 | Killed Kog Saon's ghost
 39750 | Vaults:3 | Identified the ring "Cicor" {Ice Str+5 Stlth-}
 39762 | Vaults:3 | Identified the amulet of Incredulity {Spirit Fly Str+7}
 40461 | Vaults:4 | Found Faanamy's Jewellery Boutique.
 40823 | Vaults:4 | Found Bof Vukhler's Distillery.
 40852 | Vaults:4 | Bought a potion of might for 52 gold pieces
 41165 | Vaults:4 | Noticed Sojobo
 41175 | Vaults:4 | Killed Sojobo
 41308 | Vaults:4 | Found Yfoburph's Magic Scroll Shoppe.
 41315 | Vaults:4 | Bought a scroll of teleportation for 57 gold pieces
 41315 | Vaults:4 | Bought a scroll of acquirement for 988 gold pieces
 41315 | Vaults:4 | Bought a scroll of teleportation for 57 gold pieces
 41315 | Vaults:4 | Acquired 805 gold pieces
 41509 | D:15     | Bought a scroll of teleportation for 45 gold pieces
 41509 | D:15     | Bought a scroll of enchant weapon for 112 gold pieces
 41509 | D:15     | Bought a scroll of blinking for 112 gold pieces
 41511 | D:15     | Bought a pair of runed gloves for 217 gold pieces
 41511 | D:15     | Bought a pair of embroidered boots for 217 gold pieces
 41525 | D:15     | Bought a pair of faintly glowing boots for 256 gold pieces
 41525 | D:15     | Identified the +1 pair of boots of the Valley {Dex+3} (You
                  | bought it in a shop on level 15 of the Dungeon)
 41532 | D:15     | Bought pearl dragon scales for 2700 gold pieces
 41559 | D:15     | Bought an ichor-stained cloak for 304 gold pieces
 41559 | D:15     | Identified the +0 cloak of the Shining Light {rElec rC+
                  | Regen+} (You bought it in a shop on level 15 of the
                  | Dungeon)
 41566 | D:15     | Bought a scroll of enchant weapon for 127 gold pieces
 41570 | D:15     | Bought a scroll of teleportation for 111 gold pieces
 41570 | D:15     | Bought a potion of heal wounds for 185 gold pieces
 41572 | D:15     | Bought a pair of glowing boots for 240 gold pieces
 41652 | Depths:1 | Entered Level 1 of the Depths
 42506 | Depths:1 | Found the +16 obsidian axe {drain, demonic, Mesm ^Drain Fly
                  | SInv}
 42507 | Depths:1 | You are sucked into a shaft and drop 1 floor!
 42565 | Depths:1 | Found a gateway to Hell.
 42573 | Depths:1 | Reached XP level 21. HP: 207/207 MP: 20/20
 42704 | Depths:1 | Found a runed translucent door.
 42767 | Depths:1 | Found the +4 consecrated labrys {holy, Valiant ^Fragile Fly
                  | SInv}
 43359 | Depths:1 | Noticed an ancient lich
 43383 | Depths:1 | Killed an ancient lich
 43849 | Depths:1 | Identified the ring of Roara {+Blink rF+ Dex+3 Slay-6}
 43850 | Depths:1 | Identified the +0 robe of Shielding {*Corrode rF+ rN+
                  | Int+9}
 43925 | Depths:2 | Identified the flux talisman of Okawaru's Whim {Will+++
                  | rCorr Int-5 Stlth-}
 44438 | Depths:2 | Found a runed translucent gate.
 44438 | Depths:2 | Found a runed translucent gate.
 44438 | Depths:2 | Found a runed translucent gate.
 44441 | Depths:2 | Noticed bmb222's ghost (adept DsDe)
 44462 | Depths:2 | Found a viscous altar of Jiyva.
 44523 | Depths:2 | Noticed a golden dragon
 44527 | Depths:2 | Noticed the Enchantress
 44549 | Depths:1 | Killed a golden dragon
 44607 | Depths:2 | Killed the Enchantress
 45222 | Depths:2 | Killed bmb222's ghost
 45277 | Depths:2 | Identified the ring "Nogeviq" {rC+ rN+ Int+5}
 45744 | Depths:3 | Noticed a golden dragon
 45744 | Depths:3 | Noticed a caustic shrike
 45761 | Depths:3 | Killed a caustic shrike
 45765 | Depths:3 | Noticed a juggernaut
 45783 | Depths:3 | Killed a juggernaut
 45784 | Depths:3 | Reached XP level 22. HP: 217/224 MP: 21/21
 45803 | Depths:3 | Killed a golden dragon
 46096 | Depths:3 | Found a one-way gateway to a ziggurat.
 46127 | Depths:3 | Found Nikiewy's General Store.
 46470 | Depths:4 | Entered Level 4 of the Depths
 46587 | Depths:4 | Identified the +4 falchion "Vuttaam" {heavy, rPois Str+2}
 46636 | Depths:4 | Found a gate to the Realm of Zot.
 46830 | Depths:4 | Identified the +10 sling "Guon" {speed, rF+ Stlth+}
 46840 | Depths:4 | Noticed a juggernaut
 46860 | Depths:4 | Killed a juggernaut
 47212 | Depths:4 | Noticed a caustic shrike
 47215 | Depths:4 | Noticed a caustic shrike
 47215 | Depths:4 | Noticed a caustic shrike
 47216 | Depths:4 | Noticed a caustic shrike
 47218 | Depths:4 | Noticed a caustic shrike
 47227 | Depths:4 | Killed a caustic shrike
 47228 | Depths:4 | Killed a caustic shrike
 47237 | Depths:4 | Killed a caustic shrike
 47245 | Depths:4 | Killed a caustic shrike
 47250 | Depths:4 | Killed a caustic shrike
 48462 | Elf:1    | Entered Level 1 of the Elven Halls
 48638 | Elf:1    | Got the Codex of Generation
 49500 | Elf:2    | Reached XP level 23. HP: 237/237 MP: 22/22
 49507 | Elf:2    | Paralysed by an air elemental for 1 turns
 49725 | Elf:3    | Entered Level 3 of the Elven Halls
 49962 | Elf:2    | Found a runed translucent gate.
 49969 | Elf:2    | Found a runed translucent gate.
 49969 | Elf:2    | Found a runed translucent gate.
 50080 | Elf:2    | Found Suhim's Assorted Antiques.
 50826 | Elf:3    | Found Cidd's Elven Fire.
 51225 | Elf:3    | Reached skill level 27 in Fighting
 51264 | Elf:3    | HP: 8/240 [burnt (15)]
 51313 | Elf:3    | Identified the +10 great sword "Yhucuar" {freeze, rC- Int+8
                  | SInv}
 51313 | Elf:3    | Identified the +3 leather armour of Doomed Life {Slay+2}
 51642 | Elf:3    | Got the Treatise on the Band and the Door
 51692 | Elf:3    | Found the +8 orange crystal plate armour {Archmagi, Int+3
                  | Clar}
 51706 | Elf:3    | Identified the ring "Jeosam" {*Slow rElec Str+6 Int+2}
 51709 | Elf:3    | Identified the +8 battleaxe of Cataclysm {venom, rC+}
 51730 | Elf:3    | Identified the ring "Woeklais" {Ice Str+4 Int+6 Dex-3}
 51740 | Elf:3    | Identified the +0 ring mail of Sahaq {Harm Regen+}
 52091 | Vaults:5 | Entered Level 5 of the Vaults
 52112 | Vaults:5 | Noticed an ancient lich
 52179 | Vaults:5 | Killed an ancient lich
 52211 | Vaults:5 | Identified the +1 scale mail of Qodaleun {rCorr Int+3}
 52242 | Vaults:5 | Acquired a +1 antimagic executioner's axe
 52245 | Vaults:5 | Identified the ring of the Spinneret {Will+ rCorr Slay+2}
 52360 | Vaults:5 | Identified the +0 robe of Sicock {rN+ Str-2 Dex+4}
 52362 | Vaults:5 | Reached skill level 1 in Evocations
 52431 | Vaults:5 | Found Zohigog's Distillery.
 52456 | Vaults:5 | Got the Directory of the Luminous Valley
 52476 | Vaults:5 | Bought a potion of heal wounds for 105 gold pieces
 52679 | Vaults:5 | Noticed a dread lich
 52694 | Vaults:5 | Identified the +5 lajatang "Toaliwn" {spect, Str+4}
 52697 | Vaults:5 | Killed a dread lich
 52713 | Vaults:5 | Reached XP level 24. HP: 236/249 MP: 22/22
 52772 | Vaults:5 | Found Qeurachu's Antique Armour Emporium.
 52788 | Vaults:5 | Bought a steaming cloak for 161 gold pieces
 52788 | Vaults:5 | Identified the +0 cloak of Mitagu {Harm rElec Str+8 Stlth-}
                  | (You bought it in a shop on level 5 of the Vaults)
 52791 | Vaults:5 | Got the Compendium of the Endless Wishes
 52831 | Vaults:5 | Reached skill level 5 in Evocations
 52843 | Vaults:5 | Identified the staff of the Sun {rCorr Str+7 Int-2 Conj
                  | Necro}
 52930 | Vaults:5 | Identified the +1 long sword "Tattletale" {drain, rElec
                  | rN++ Will+ Dex-4}
 52930 | Vaults:5 | Identified the ring "Ecvojiko" {Will++ MP+9 Dex+2}
 53144 | Vaults:5 | Noticed a dread lich
 53165 | Vaults:5 | Killed a dread lich
 53186 | Vaults:5 | Identified the ring "Ecoih" {rPois Dex+6}
 53189 | Vaults:5 | Got a silver rune of Zot
 53345 | Vaults:5 | Reached skill level 27 in Dodging
 53588 | Vaults:5 | Learned a level 2 spell: Blink
 54024 | Zot:1    | Entered Level 1 of the Realm of Zot
 54044 | Zot:1    | Reached skill level 1 in Translocations
 54114 | Zot:1    | Identified the +1 pair of boots "Avio" {Rampage Will-
                  | Int+2}
 54398 | Crypt:1  | Entered Level 1 of the Crypt
 54969 | Crypt:1  | Identified the +4 mace of the Demagogue {freeze, Dex+3
                  | Stlth+}
 55015 | Crypt:1  | Reached skill level 1 in Shields
 55026 | Crypt:1  | HP: 12/247 [??? (7)]
 55046 | Crypt:1  | HP: 10/247 [??? (5)]
 55565 | Crypt:1  | Noticed Jory
 55579 | Crypt:1  | Killed Jory
 56145 | Crypt:1  | Reached skill level 5 in Shields
 56182 | Crypt:1  | Noticed Donald
 56192 | Crypt:1  | Killed Donald
 57369 | Crypt:2  | Reached skill level 5 in Translocations
 57874 | Crypt:2  | Found an ancient bone altar of Kikubaaqudgha.
 57956 | Crypt:3  | Entered Level 3 of the Crypt
 58166 | Crypt:3  | Noticed a dread lich
 58167 | Crypt:3  | Found a basalt altar of Yredelemnul.
 58174 | Crypt:3  | Killed a dread lich
 58228 | Crypt:3  | Identified the ring of Isun {rN+ Will+}
 58228 | Crypt:3  | Identified the ring "Jacenuk" {rN+ Will+}
 58482 | Crypt:3  | Reached XP level 25. HP: 257/257 MP: 22/22
 58650 | Crypt:3  | Found a staircase to the Tomb.
 58669 | Crypt:3  | Identified the staff "Ebusaneu" {*Corrode rN+ Will++ Str+7
                  | Necro}
 58844 | Crypt:3  | Reached skill level 10 in Evocations
 60445 | D:15     | Bought a scroll of acquirement for 1144 gold pieces
 60445 | D:15     | Bought a scroll of acquirement for 1144 gold pieces
 60445 | D:15     | Acquired 808 gold pieces
 60446 | D:15     | Acquired a manual of Evocations
 60456 | D:15     | Bought the +0 mask of the Dragon {Will+ Slay+3 SInv} for
                  | 1536 gold pieces
 60456 | D:15     | Found the +0 mask of the Dragon {Will+ Slay+3 SInv}
 61432 | Zot:2    | You are sucked into a shaft and drop 2 floors!
 61445 | Zot:3    | Noticed an orb of fire
 61471 | Zot:3    | Killed an orb of fire
 62522 | Zot:2    | Reached skill level 10 in Translocations
 62717 | Zot:2    | Reached skill level 15 in Evocations
 62837 | Zot:2    | Found a faded altar of an unknown god.
 63920 | Zot:4    | Reached XP level 26. HP: 218/266 MP: 22/22
 64863 | Zot:5    | Entered Level 5 of the Realm of Zot
 65027 | Zot:5    | Found a transporter.
 65029 | Zot:5    | Found a transporter.
 65092 | Zot:5    | Found a transporter.
 65096 | Zot:5    | Found a transporter.
 65558 | Zot:5    | Noticed an orb of fire
 65566 | Zot:5    | Noticed an orb of fire
 65572 | Zot:5    | Gained mutation: You occasionally shout uncontrollably at
                  | your foes. [an orb of fire]
 65573 | Zot:5    | Killed an orb of fire
 65603 | Zot:5    | Killed an orb of fire
 65832 | Zot:5    | Noticed an orb of fire
 65848 | Zot:5    | Killed an orb of fire
 65849 | Zot:5    | Noticed a dread lich
 65853 | Zot:5    | Killed a dread lich
 66133 | Zot:5    | Noticed an ancient lich
 66139 | Zot:5    | Killed an ancient lich
 66306 | Zot:5    | Noticed a dread lich
 66317 | Zot:5    | Killed a dread lich
 66583 | Zot:5    | Noticed an orb of fire
 66585 | Zot:5    | Noticed an orb of fire
 66593 | Zot:5    | Lost mutation: You occasionally shout uncontrollably at
                  | your foes. [an orb of fire]
 66596 | Zot:5    | Gained mutation: Potions are less effective at restoring
                  | your health. [an orb of fire]
 66607 | Zot:5    | Killed an orb of fire
 66608 | Zot:5    | Gained mutation: You occasionally shout uncontrollably at
                  | your foes. [an orb of fire]
 66611 | Zot:5    | Killed an orb of fire
 66710 | Zot:5    | Noticed a dread lich
 66720 | Zot:5    | Killed a dread lich
 67290 | Zot:5    | Found a transporter.
 67309 | Zot:5    | Found a transporter.
 67397 | Zot:5    | Found a transporter.
 67478 | Zot:5    | Found a transporter.
 67710 | Zot:5    | Got the Orb of Zot
 68348 | D:5      | Noticed a seraph
 68432 | D:$      | Escaped with the Orb!

Illustrated notes

Levels and vault maps discovered:
D:1:      dpeg_arrival_round_c, layout_basic, minmay_pentomino_o2
D:2:      minmay_diamond_boxcup, layout_rooms, hex_tiny, nrook_mini_vaults,
          minmay_strange_pillars, lemuel_flame_loot_1, uniq_jessica,
          uniq_sigmund
D:3:      layout_basic, makhleb_altar_promises_db,
          minmay_misc_feat_secret_circle
D:4:      layout_loops_corners, temple_statues, gammafunk_ghost_split
D:5:      layout_basic, mainiacjoe_overflow_brackets,
          nicolae_ashenzari_panopticon, dancing_weapons_uskayaw
D:6:      layout_loops_corners
D:7:      layout_gridville, marbit_many_paths, gammafunk_ghost_arena,
          enter_bailey_5
D:8:      layout_layer_cave, ebering_ghost_funeral_grove
D:9:      layout_loops_corners, chequers_serial_rivers_small_b,
          serial_bayou_crossing, uniq_psyche, uniq_maggie
D:10:     layout_small_grid, overflow_temple_1_default, erik_orc_3
D:11:     layout_irregular_city, lair_entry_dummy
D:12:     minmay_bad_star, layout_rooms, minmay_statue_bubble, uniq_kirke
D:13:     layout_basic, hangedman_glass_teeth, kennysheep_four_rooms
D:14:     gammafunk_worm_tunnel, layout_cave_pools, david_vaults_3,
          gauntlet_entry_generic, minmay_misc_feat_five, uniq_frances,
          uniq_agnes
D:15:     grunt_enter_depths_magical_seal, layout_long_grid, minivault_5,
          dreamdust_princess_corridor
Temple:   lightli_temple_of_artemis
Lair:1:   layout_cellular_growth, grunt_megastairs_4
Lair:2:   layout_hall_layers, serial_bayou_shore_b, serial_bayou_shore_b
Lair:3:   layout_roguey, shoals_dummy_entry, minmay_snake_entry_six_corridors,
          minivault_19, beast_lair_carwin_4
Lair:4:   layout_gridlike, grunt_megastairs_2
Lair:5:   evilmike_catoblepas_cave, layout_layer_cave,
          nicolae_slime_entry_slimehenge, serial_bayou_lake_a
Shoals:1: layout_shoals, nicolae_shoals_aquamancer_cove
Shoals:2: layout_shoals, nicolae_shoals_abyss_on_the_beach
Shoals:3: layout_shoals, gammafunk_ghost_berserking_beasts
Shoals:4: shoals_end_hellmonk_storm_palace [storm_palace_center_circular,
          storm_palace_corner_reverse_hut, storm_palace_corner_grid,
          storm_palace_corner_altar, storm_palace_corner_pillars]
Snake:1:  layout_gridlike, evilmike_ambush [evilmike_ambush_outer_basic,
          evilmike_ambush_inner_basic], serial_bayou_shore_b, minmay_shoptagon
Snake:2:  layout_grid_shapes, uniq_vashnia, uniq_aizul, uniq_asterion
Snake:3:  layout_misc_corridors
Snake:4:  johnstein_snake_rune_scales, layout_cave_town, lemuel_fruit_tree
Orc:1:    layout_caves, serial_shops, shop, mines4_lemuel
Orc:2:    st_orc_town, layout_caves, serial_shops,
          nicolae_shop_tiny_statue_garden
Elf:1:    eino_elf_arrival_the_gate, layout_loops_corners, minmay_elf_demonology
Elf:2:    nicolae_elf_blades_crystal_corner, layout_loops_cross, serial_shops,
          shop
Elf:3:    minmay_elf_hall_dome, layout_geoelf_octagon, guppyfry_elf_lava
Vaults:1: vaults_mumra_hexcomb, nicolae_vaults_storage_room_statues,
          ontoclasm_vaults_chip, nicolae_vaults_little_squares_6,
          nicolae_vaults_apartment_1, v_misc_16, hangedman_vaults_corner_blocks,
          vaults_dpeg_ring, layout_vaults_quadrants
Vaults:2: minmay_crypt_entry_necro_gods, nicolae_vaults_apartment_2,
          v_pattern_1, vaults_dpeg_spiral, v_misc_22, v_misc_5,
          nicolae_vaults_little_squares_1, vaults_dpeg_doors,
          ontoclasm_vaults_gallery, nicolae_vaults_double_plus_2,
          layout_vaults_chaotic_city
Vaults:3: hellmonk_ghost_happy_afterlife, hangedman_vaults_unwind, v_pattern_2,
          v_misc_4, gammafunk_its_a_trap, nicolae_vaults_apartment_1,
          v_alt_pattern_6, nicolae_vaults_sightless_eye,
          nicolae_vaults_offset_grid_hallway_3, nicolae_vaults_sesquioval_fish,
          grunt_vaults_hallway_short, nicolae_vaults_hexular_roomagon,
          nicolae_vaults_theta, serial_ice_b, layout_vaults_maze, serial_shops,
          shop
Vaults:4: st_more_cells, nicolae_vaults_tangram_1,
          nicolae_vaults_little_squares_1, v_misc_18, nicolae_vaults_house_3,
          vaults_room_ringed_pool, layout_vaults_omnicross, serial_shops, shop,
          nicolae_lakefront_shop, shop, uniq_sojobo
Vaults:5
Crypt:1:  layout_chaotic_city, grunt_crypt_arrival_split, uniq_donald,
          uniq_jory, uniq_margery
Crypt:2:  cheibrodos_crypt_down_in_the_bonehoard, layout_chaotic_city,
          lemuel_upstairs_altar
Crypt:3:  cryptofortress_bobbens
Depths:1: bobbens_index_wilting_gardens, layout_basic, grunt_mini_vestibule,
          abyss_entry, drop_trap, minmay_acid_items
Depths:2: minmay_inner_zag, layout_long_grid, rand_demon_pan_entry_4,
          gammafunk_ghost_ooze, hangedman_coc_ice_floe, abyss_entry_crystal,
          nicolae_twisty_statue_hallways, firewood_loft,
          minmay_staircase_windowed_small, uniq_enchantress
Depths:3: evilmike_hourglass, layout_basic, enter_ziggurat_d,
          minmay_misc_feat_pillars, serial_shops, nicolae_shop_rolling_square,
          grunt_hell_entry_dis_mu, abyss_entry, corexii_corridor_pit,
          infiniplex_staircase_pillars_3a
Depths:4: grunt_zot_entry_funnels, layout_basic, hell_entry,
          abyss_entry_glasseish, minivault_14, kennysheep_random_hallway
Zot:1:    layout_onion_interference
Zot:2:    hangedman_orp_of_zott, layout_basic
Zot:3:    lemuel_firehouse, layout_concentric_octagons
Zot:4:    layout_cathedral_of_symmetry, nicolae_zig_zag_zippers,
          regret_index_zotdec_banners
Zot:5:    layout_basic, st_stairs_12, grunt_ministairs_6,
          nicolae_diode_intersection

Skill      XL: |  1  2  3  4  5  6  7  8  9 10 11 12 13 14 15 16 17 18 19 20 21 22 23 24 25 26 |
---------------+-------------------------------------------------------------------------------+-----
Axes           | 3 4 5 6 7 9 11 14 15 16 18 20 | 20.0
Armour         | 1 2 3 5 6 8 10 11 12 14 17 19 21 23 24 26 27 | 27.0
Fighting       | 6 9 11 13 14 15 17 18 19 20 22 24 26 27 | 27.0
Dodging        | 4 7 10 11 13 14 15 17 18 20 22 24 26 27 | 27.0
Evocations     | 4 9 15 20 | 20.3
Translocations | 6 10 | 10.0
Shields        | 7 |  7.0
Stealth        | |  4.1

Action                     |  1- 3 |  4- 6 |  7- 9 | 10-12 | 13-15 | 16-18 | 19-21 | 22-24 | 25-27 || total
---------------------------+-------+-------+-------+-------+-------+-------+-------+-------+-------++-------
  Melee: Hand axe          |    43 |   144 |    48 |       |       |       |       |       |       ||   235
         Headbutt          |     5 |    15 |    36 |    79 |   170 |   191 |   322 |   486 |   350 ||  1654
         Punch             |       |     2 |     1 |     5 |    12 |    10 |       |     2 |       ||    32
         War axe           |       |       |    86 |   323 |   674 |   831 |       |       |       ||  1914
         Morningstar       |       |       |       |     4 |     7 |       |       |       |       ||    11
         Executioner's axe |       |       |       |       |    31 |       |       |       |       ||    31
         Battleaxe         |       |       |       |       |       |    37 |  1129 |  1130 |       ||  2296
         Labrys            |       |       |       |       |       |       |       |   416 |   958 ||  1374
  Throw: Dart              |     3 |     8 |    19 |       |     1 |       |       |       |       ||    31
 Invoke: Call Merchant     |       |       |       |       |       |       |     9 |       |     3 ||    12
  Evoke: Wand              |       |     2 |     5 |       |     1 |     3 |       |     2 |     3 ||    16
    Use: Scroll            |     2 |       |     8 |     2 |    21 |     8 |     6 |    11 |     4 ||    62
         Potion            |       |       |       |       |       |     9 |       |    10 |     6 ||    25
   Stab: Sleeping          |     2 |       |       |       |       |       |     1 |     2 |     1 ||     6
         Paralysed         |       |       |     1 |       |       |       |       |       |       ||     1
         Distracted        |       |       |       |     5 |    24 |    26 |     6 |    18 |    12 ||    91
         Petrifying        |       |       |       |       |     1 |       |       |       |       ||     1
         Confused          |       |       |       |       |       |       |       |       |     1 ||     1
 Armour: Leather armour    |    21 |       |       |       |       |       |       |       |       ||    21
         Plate armour      |    11 |   119 |   116 |   105 |       |       |       |       |       ||   351
         Gold dragon scale |       |       |       |    91 |   405 |   602 |   403 |       |       ||  1501
         Pearl dragon scal |       |       |       |       |       |       |   287 |   633 |   318 ||  1238
  Dodge: Dodged            |    23 |    43 |    55 |    95 |   379 |   630 |   939 |  1184 |   678 ||  4026
  Block: Other             |       |       |       |       |    17 |   137 |   171 |   164 |       ||   489
         Reflection        |       |       |       |       |     4 |    14 |    18 |    29 |     3 ||    68
         Buckler           |       |       |       |       |       |       |       |   127 |   380 ||   507

Table legend: (Time is in decaauts)
 A = Elapsed time spent in this place.
 B = Non-inter-level travel time spent in this place.
 C = Inter-level travel time spent in this place.
 D = Time resting spent in this place.
 E = Time spent auto-exploring this place.
 F = Levels seen in this place.
 G = Mean time per level.
                   A        B        C        D        E       F      G
               +--------+--------+--------+--------+--------+-----+--------+
         Total |  67055 |  60637 |   6418 |   1978 |  47633 |  53 | 1265.2 |
       Dungeon |  16343 |  14104 |   2239 |     85 |  11604 |  15 | 1089.5 |
        Temple |     86 |     60 |     26 |     17 |      0 |   1 |   86.0 |
          Lair |   5542 |   5096 |    446 |    216 |   4024 |   5 | 1108.4 |
        Shoals |   6673 |   6464 |    209 |    764 |   4685 |   4 | 1668.2 |
     Snake Pit |   4869 |   4651 |    218 |    409 |   3542 |   4 | 1217.2 |
  Orcish Mines |   1500 |   1328 |    172 |      6 |    973 |   2 |  750.0 |
   Elven Halls |   3266 |   3058 |    208 |      0 |   2375 |   3 | 1088.7 |
        Vaults |   8576 |   7813 |    763 |      0 |   6400 |   5 | 1715.2 |
         Crypt |   4432 |   4151 |    281 |    434 |   2922 |   3 | 1477.3 |
        Depths |   7208 |   5983 |   1225 |     41 |   4661 |   4 | 1802.0 |
           Zot |   7840 |   7213 |    627 |      6 |   6023 |   5 | 1568.0 |
        Bailey |    194 |    194 |      0 |      0 |     59 |   1 |  194.0 |
      Gauntlet |    519 |    519 |      0 |      0 |    361 |   1 |  519.0 |
               +--------+--------+--------+--------+--------+-----+--------+

Top non-repeatable levels by time:
   Zot:5: 2774 daAuts
Depths:1: 2441 daAuts
Shoals:4: 2208 daAuts
Vaults:2: 2183 daAuts
    D:15: 1893 daAuts
   Zot:2: 1795 daAuts
Depths:2: 1766 daAuts
Shoals:3: 1726 daAuts
Vaults:1: 1718 daAuts
Depths:4: 1713 daAuts
Shoals:2: 1614 daAuts
Vaults:3: 1604 daAuts
 Crypt:1: 1604 daAuts
 Crypt:2: 1547 daAuts
Vaults:5: 1541 daAuts
